EL
SAN ANTONIO MISSIONS @ JACKSONVILLE SUNS
09/11/2044
 
TOP OF THE 1ST
San Antonio Missions batting - Pitching for Jacksonville Suns : RHP Pat Proctor
Pitching: RHP Pat Proctor
Batting: RHB Scott Schwartz 0-0: Called Strike
0-1: Called Strike
0-2: Ball
1-2: SINGLE (Groundball, 4M, EV 100.0 MPH) (infield hit)
Batting: LHB Ben Antal 0-0: Called Strike
Scott Schwartz steals 2nd base (no throw)
0-1: Swinging Strike
0-2: Strikes out looking
Batting: LHB Conrad Taylor 0-0: Called Strike
0-1: Swinging Strike
0-2: Fly out, F9 (Flyball, 9D, EV 98.8 MPH)
Runner from 2nd tags up, SAFE at 3rd, no throw by RF
Batting: RHB Mike Manchester 0-0: Ball
1-0: Ball
2-0: Called Strike
2-1: Ball
3-1: SINGLE (Groundball, 4MS, EV 65.0 MPH) (infield hit)
Scott Schwartz scores
Batting: RHB Kyle Davis 0-0: Ball
Mike Manchester steals 2nd base
1-0: SINGLE (Flyball, 8LS, EV 90.0 MPH)
Mike Manchester to third
Throwing error, E8
Mike Manchester scores
Kyle Davis to second
Batting: SHB Curtis Thompson 0-0: Ball
1-0: Ground out 6-3 (Groundball, 4M, EV 101.2 MPH)
Top of the 1st over - 2 runs, 3 hits, 1 error, 1 left on base; San Antonio 2 - Jacksonville 0
BOTTOM OF THE 1ST
Jacksonville Suns batting - Pitching for San Antonio Missions : RHP Bobby Mauk
Pitching: RHP Bobby Mauk
Batting: LHB Jose Cabello 0-0: Fly out, F7 (Flyball, 78S, EV 95.0 MPH)
Batting: RHB Mike Gar 0-0: Ball
1-0: Ball
2-0: Ball
3-0: Base on Balls
Batting: RHB Akira Suzuki 0-0: Ball
Mike Gar steals 2nd base (no throw)
1-0: Foul Ball, location: 2F
1-1: Ball
2-1: Called Strike
Mike Gar steals 3rd base
2-2: Ball
3-2: SINGLE (Groundball, 4MS, EV 67.5 MPH) (infield hit)
Mike Gar scores
Batting: LHB Jimmy Hannon 0-0: Ball
1-0: Ball
2-0: Swinging Strike
2-1: Ball
3-1: Base on Balls
Akira Suzuki to second
Batting: RHB Rick Fell 0-0: Called Strike
0-1: Ball
1-1: Swinging Strike
1-2: Strikes out looking
Batting: SHB Yoo-chul Jung 0-0: Ball
1-0: DOUBLE (Groundball, 3L, EV 106.2 MPH)
Akira Suzuki scores
Jimmy Hannon to third
Batting: LHB Jeff Tavella 0-0: Ball
1-0: Swinging Strike
1-1: Fly out, F8 (Flyball, 8LD, EV 80.6 MPH)
Bottom of the 1st over - 2 runs, 2 hits, 0 errors, 2 left on base; San Antonio 2 - Jacksonville 2
TOP OF THE 2ND
San Antonio Missions batting - Pitching for Jacksonville Suns : RHP Pat Proctor
Batting: LHB Corey Lewis 0-0: Foul Ball, location: 2F
0-1: Ground out 6-3 (Groundball, 6, EV 81.9 MPH)
Batting: RHB Min-chin Yi 0-0: Foul Ball, location: 2F
0-1: Ball
1-1: Foul Ball, location: 2F
1-2: Foul Ball, location: 2F
1-2: Ball
2-2: Fly out, F9 (Flyball, 9LM, EV 100.0 MPH)
Batting: LHB Josh Slusarczyk 0-0: Foul Ball, location: 2F
0-1: Swinging Strike
0-2: Foul Ball, location: 2F
0-2: Foul Ball, location: 2F
0-2: Ball
1-2: Strikes out swinging
Top of the 2nd over - 0 runs, 0 hits, 0 errors, 0 left on base; San Antonio 2 - Jacksonville 2
BOTTOM OF THE 2ND
Jacksonville Suns batting - Pitching for San Antonio Missions : RHP Bobby Mauk
Batting: RHB Wilson Valdez 0-0: Ball
1-0: Foul Ball, location: 2F
1-1: Foul Ball, location: 2F
1-2: Strikes out swinging
Batting: RHB Marco Sianez 0-0: Ball
1-0: Ball
2-0: Ball
3-0: Called Strike
3-1: Fly out, F6 (Flyball, 56D, EV 91.2 MPH)
Batting: LHB Jose Cabello 0-0: Ball
1-0: Foul Ball, location: 2F
1-1: Ball
2-1: Ball
3-1: Foul Ball, location: 2F
3-2: Strikes out swinging
Bottom of the 2nd over - 0 runs, 0 hits, 0 errors, 0 left on base; San Antonio 2 - Jacksonville 2
TOP OF THE 3RD
San Antonio Missions batting - Pitching for Jacksonville Suns : RHP Pat Proctor
Batting: RHB Scott Schwartz 0-0: Ball
1-0: Called Strike
1-1: Ball
2-1: Ground out 4-3 (Groundball, 34, EV 86.2 MPH)
Batting: LHB Ben Antal 0-0: Ball
1-0: Called Strike
1-1: Foul Ball, location: 2F
1-2: DOUBLE (Groundball, 5L, EV 103.1 MPH)
Batting: LHB Conrad Taylor 0-0: Fly out, F7 (Flyball, 7LS, EV 90.0 MPH)
Batting: RHB Mike Manchester 0-0: Called Strike
0-1: Ball
1-1: Ball
2-1: Foul Ball, location: 2F
2-2: Ball
3-2: Foul Ball, location: 2F
3-2: Base on Balls
Batting: RHB Kyle Davis 0-0: Ball
1-0: Ball
2-0: Ground out 4-3 (Groundball, 4, EV 84.4 MPH)
Top of the 3rd over - 0 runs, 1 hit, 0 errors, 2 left on base; San Antonio 2 - Jacksonville 2
BOTTOM OF THE 3RD
Jacksonville Suns batting - Pitching for San Antonio Missions : RHP Bobby Mauk
Batting: RHB Mike Gar 0-0: Fly out, F9 (Flyball, 9D, EV 109.4 MPH)
Batting: RHB Akira Suzuki 0-0: Called Strike
0-1: Ball
1-1: Swinging Strike
1-2: Strikes out looking
Batting: LHB Jimmy Hannon 0-0: Ball
1-0: Swinging Strike
1-1: Fly out, F7 (Flyball, 7S, EV 95.0 MPH)
Bottom of the 3rd over - 0 runs, 0 hits, 0 errors, 0 left on base; San Antonio 2 - Jacksonville 2
TOP OF THE 4TH
San Antonio Missions batting - Pitching for Jacksonville Suns : RHP Pat Proctor
Batting: SHB Curtis Thompson 0-0: Called Strike
0-1: Ball
1-1: Ball
2-1: Foul Ball, location: 2F
2-2: Strikes out swinging
Batting: LHB Corey Lewis 0-0: Foul Ball, location: 2F
0-1: Ball
1-1: Foul Ball, location: 2F
1-2: Ball
2-2: Foul Ball, location: 2F
2-2: Ground out 4-3 (Groundball, 34, EV 106.9 MPH)
Batting: RHB Min-chin Yi 0-0: Swinging Strike
0-1: Called Strike
0-2: Ball
1-2: Foul Ball, location: 2F
1-2: Strikes out looking
Top of the 4th over - 0 runs, 0 hits, 0 errors, 0 left on base; San Antonio 2 - Jacksonville 2
BOTTOM OF THE 4TH
Jacksonville Suns batting - Pitching for San Antonio Missions : RHP Bobby Mauk
Batting: RHB Rick Fell 0-0: Ball
1-0: Foul Ball, location: 2F
1-1: Ball
2-1: Foul Ball, location: 2F
2-2: Ball
3-2: Strikes out looking
Batting: SHB Yoo-chul Jung 0-0: Ball
1-0: Ground out U3 (Groundball, 34, EV 85.6 MPH)
Batting: LHB Jeff Tavella 0-0: Called Strike
0-1: Fly out, F5 (Flyball, 5D, EV 91.2 MPH)
Bottom of the 4th over - 0 runs, 0 hits, 0 errors, 0 left on base; San Antonio 2 - Jacksonville 2
TOP OF THE 5TH
San Antonio Missions batting - Pitching for Jacksonville Suns : RHP Pat Proctor
Batting: LHB Josh Slusarczyk 0-0: Ball
1-0: Ball
2-0: Swinging Strike
2-1: Ball
3-1: Called Strike
3-2: Base on Balls
Batting: RHB Scott Schwartz 0-0: Foul Ball, location: 2F
0-1: Ball
1-1: 2-RUN HOME RUN (Flyball, 7D, EV 95.6 MPH), Distance : 376 ft
Batting: LHB Ben Antal 0-0: Ball
1-0: Foul Ball, location: 2F
1-1: Swinging Strike
1-2: Ball
2-2: Ground out 5-3 (Groundball, 56S, EV 93.1 MPH)
Batting: LHB Conrad Taylor 0-0: Ball
1-0: Foul Ball, location: 2F
1-1: Ball
2-1: Called Strike
2-2: Foul Ball, location: 2F
2-2: Fly out, F9 (Flyball, 9LM, EV 95.0 MPH)
Batting: RHB Mike Manchester 0-0: Ground out 6-3 (Groundball, 6, EV 97.5 MPH)
Top of the 5th over - 2 runs, 1 hit, 0 errors, 0 left on base; San Antonio 4 - Jacksonville 2
BOTTOM OF THE 5TH
Jacksonville Suns batting - Pitching for San Antonio Missions : RHP Bobby Mauk
Batting: RHB Wilson Valdez 0-0: Called Strike
0-1: Called Strike
0-2: Ball
1-2: Ground out 4-3 (Groundball, 4, EV 87.5 MPH)
Batting: RHB Marco Sianez 0-0: Called Strike
0-1: Called Strike
0-2: Foul Ball, location: 2F
0-2: Ball
1-2: Foul Ball, location: 2F
1-2: Ball
2-2: Ball
3-2: Ground out 4-3 (Groundball, 4, EV 82.5 MPH)
Batting: LHB Jose Cabello 0-0: Ball
1-0: Called Strike
1-1: Foul Ball, location: 2F
1-2: Ball
2-2: Ball
3-2: Strikes out looking
Bottom of the 5th over - 0 runs, 0 hits, 0 errors, 0 left on base; San Antonio 4 - Jacksonville 2
TOP OF THE 6TH
San Antonio Missions batting - Pitching for Jacksonville Suns : RHP Pat Proctor
Batting: RHB Kyle Davis 0-0: Ball
1-0: Ball
2-0: Ball
3-0: Swinging Strike
3-1: Called Strike
3-2: Ground out 4-3 (Groundball, 4, EV 87.5 MPH)
Pitching: RHP Tim Poist
Batting: SHB Curtis Thompson 0-0: Foul Ball, location: 2F
0-1: Foul Ball, location: 2F
0-2: Ball
1-2: Ball
2-2: Ball
3-2: Ground out U3 (Groundball, 3L, EV 90.6 MPH)
Batting: LHB Corey Lewis 0-0: Called Strike
0-1: Ball
1-1: Swinging Strike
1-2: Strikes out swinging
Top of the 6th over - 0 runs, 0 hits, 0 errors, 0 left on base; San Antonio 4 - Jacksonville 2
BOTTOM OF THE 6TH
Jacksonville Suns batting - Pitching for San Antonio Missions : RHP Bobby Mauk
Batting: RHB Mike Gar 0-0: Ball
1-0: Swinging Strike
1-1: Called Strike
1-2: Strikes out swinging
Batting: RHB Akira Suzuki 0-0: Reached on error, E4 (Groundball, 4, EV 110.0 MPH)
Batting: LHB Jimmy Hannon 0-0: Ball
1-0: Called Strike
1-1: Swinging Strike
1-2: Ball
2-2: Strikes out looking
Batting: RHB Rick Fell 0-0: Ball
1-0: Ball
2-0: Ground out 5-3 (Groundball, 56, EV 108.8 MPH)
Bottom of the 6th over - 0 runs, 0 hits, 1 error, 1 left on base; San Antonio 4 - Jacksonville 2
TOP OF THE 7TH
San Antonio Missions batting - Pitching for Jacksonville Suns : RHP Tim Poist
Batting: RHB Min-chin Yi 0-0: Foul Ball, location: 2F
0-1: Ball
1-1: Ball
2-1: Called Strike
2-2: Ball
3-2: Strikes out swinging
Batting: LHB Josh Slusarczyk 0-0: Ball
1-0: Fly out, F8 (Flyball, 8LM, EV 79.4 MPH)
Batting: RHB Scott Schwartz 0-0: Ball
1-0: Foul Ball, location: 2F
1-1: Ball
2-1: Foul Ball, location: 2F
2-2: Strikes out swinging
Top of the 7th over - 0 runs, 0 hits, 0 errors, 0 left on base; San Antonio 4 - Jacksonville 2
BOTTOM OF THE 7TH
Jacksonville Suns batting - Pitching for San Antonio Missions : RHP Bobby Mauk
Batting: SHB Yoo-chul Jung 0-0: Swinging Strike
0-1: Ball
1-1: Ball
2-1: Swinging Strike
2-2: Foul Ball, location: 2F
2-2: Foul Ball, location: 2F
2-2: Strikes out swinging
Pitching: LHP Leonor Bem
Batting: LHB Jeff Tavella 0-0: Swinging Strike
0-1: Ball
1-1: Foul Ball, location: 2F
1-2: Ball
2-2: Strikes out looking
Batting: RHB Wilson Valdez 0-0: Ground out 6-3 (Groundball, 6, EV 79.4 MPH)
Bottom of the 7th over - 0 runs, 0 hits, 0 errors, 0 left on base; San Antonio 4 - Jacksonville 2
TOP OF THE 8TH
San Antonio Missions batting - Pitching for Jacksonville Suns : RHP Tim Poist
Pitching: RHP Pedro Taveras
Batting: LHB Ben Antal 0-0: Ball
1-0: Ball
2-0: Ball
3-0: SINGLE (Groundball, 4MD, EV 98.8 MPH)
Batting: LHB Conrad Taylor 0-0: Ball
1-0: Called Strike
1-1: 2-RUN HOME RUN (Flyball, 89XD, EV 109.4 MPH), Distance : 419 ft
Batting: RHB Mike Manchester 0-0: Foul Ball, location: 2F
0-1: Swinging Strike
0-2: Strikes out swinging
Batting: RHB Kyle Davis 0-0: Foul Ball, location: 2F
0-1: Called Strike
0-2: Fly out, F9 (Flyball, 9D, EV 96.2 MPH)
Batting: SHB Curtis Thompson 0-0: Ball
1-0: Ball
2-0: Ball
3-0: Called Strike
3-1: Foul Ball, location: 2F
3-2: Foul Ball, location: 2F
3-2: DOUBLE (Groundball, 5L, EV 103.1 MPH)
Batting: LHB Corey Lewis 0-0: Intentional Walk
Pitching: RHP Chris Nickerson
Batting: RHB Min-chin Yi 0-0: Ball
1-0: Ball
2-0: Ball
3-0: Foul Ball, location: 2F
3-1: Foul Ball, location: 2F
3-2: Base on Balls
Curtis Thompson to third
Corey Lewis to second
Batting: LHB Josh Slusarczyk 0-0: Foul Ball, location: 2F
0-1: Swinging Strike
0-2: Ball
1-2: Ball
2-2: Strikes out swinging
Top of the 8th over - 2 runs, 3 hits, 0 errors, 3 left on base; San Antonio 6 - Jacksonville 2
BOTTOM OF THE 8TH
Jacksonville Suns batting - Pitching for San Antonio Missions : LHP Leonor Bem
Batting: RHB Marco Sianez 0-0: Called Strike
0-1: Ball
1-1: Ball
2-1: Ball
3-1: Fly out, F9 (Line Drive, 9S, EV 97.5 MPH)
Batting: LHB Jose Cabello 0-0: Called Strike
0-1: Ground out U3 (Groundball, 3, EV 100.0 MPH)
Batting: RHB Mike Gar 0-0: Called Strike
0-1: Ball
1-1: Foul Ball, location: 2F
1-2: Ball
2-2: Fly out, F9 (Flyball, 9LS, EV 78.8 MPH)
Bottom of the 8th over - 0 runs, 0 hits, 0 errors, 0 left on base; San Antonio 6 - Jacksonville 2
TOP OF THE 9TH
San Antonio Missions batting - Pitching for Jacksonville Suns : RHP Chris Nickerson
Batting: RHB Scott Schwartz 0-0: Ground out 4-3 (Groundball, 4, EV 88.1 MPH)
Batting: LHB Ben Antal 0-0: Foul Ball, location: 2F
0-1: Swinging Strike
0-2: DOUBLE (Line Drive, 7LM, EV 101.9 MPH)
Batting: LHB Conrad Taylor 0-0: Intentional Walk
Batting: RHB Mike Manchester 0-0: Ball
1-0: Ball
2-0: Swinging Strike
2-1: Ball
3-1: Foul Ball, location: 2F
3-2: Fly out, F9 (Flyball, 9S, EV 87.5 MPH)
Pitching: LHP Will Devitt
Batting: RHB Kyle Davis 0-0: Ball
1-0: Ball
2-0: Fielders Choice at 2nd, 6-4 (Groundball, 6, EV 86.9 MPH)
Top of the 9th over - 0 runs, 1 hit, 0 errors, 2 left on base; San Antonio 6 - Jacksonville 2
BOTTOM OF THE 9TH
Jacksonville Suns batting - Pitching for San Antonio Missions : LHP Leonor Bem
Pitching: LHP Ed Valdez
Batting: RHB Akira Suzuki 0-0: Ground out 6-3 (Groundball, 6, EV 86.2 MPH)
Batting: LHB Jimmy Hannon 0-0: Ball
1-0: Ball
2-0: Fly out, F7 (Flyball, 7, EV 97.5 MPH)
Batting: RHB Rick Fell 0-0: Called Strike
0-1: Called Strike
0-2: Ball
1-2: Foul Ball, location: 2F
1-2: Fly out, F8 (Flyball, 8RS, EV 76.2 MPH)
Bottom of the 9th over - 0 runs, 0 hits, 0 errors, 0 left on base; San Antonio 6 - Jacksonville 2
Thursday, March 31st , 2022 - OOTP Baseball 22.12 Build 89